 Dungeon Crawl Stone Soup version 0.23-a0-819-g6debee6 (webtiles) character file.

26010 Inarius the Unseen (level 12, -11/60 HPs)
             Began as a Felid Berserker on Jan 22, 2019.
             Was the Champion of Trog.
             Killed by divine providence
             ... invoked by an orc priest
              (14 damage)
             ... on level 2 of the Orcish Mines.
             The game lasted 00:52:26 (25093 turns).

Inarius the Unseen (Felid Berserker)               Turns: 25093, Time: 00:52:27

Health: -11/60     AC:  3    Str: 11    XL:     12   Next: 94%
Magic:  21/21      EV: 37    Int: 14    God:    Trog [******]
Gold:   1235       SH:  3    Dex: 26    Spells: 11/11 levels left
                                        Lives:  0   Deaths: 2

rFire    + . .     SeeInvis +     - Unarmed
rCold    + . .     Gourm    .   (shield unavailable)
rNeg     . . .     Faith    .   (armour unavailable)
rPois    .         Spirit   .   (helmet unavailable)
rElec    .         Reflect  +   (cloak unavailable)
rCorr    .         Harm     .   (gloves unavailable)
MR       +....                  (boots unavailable)
Stlth    ++++++++..             q - amulet "Tyrghof" {Reflect +Inv rF+ Str-2 Int+4 SH+3}
HPRegen  0.20/turn              j - +5 ring of dexterity
MPRegen  0.17/turn              l - +5 ring of evasion

@: studying Fighting, quick
A: very small, no armour, no weapons or thrown items, stealth, antennae 1, claws
1, fangs 3, camouflage 1, see invisible, carnivore, clever 1, speed 1, shaggy
fur 3, slow metabolism 1, wild magic 1, sharp paws
a: Berserk, Trog's Hand, Brothers in Arms, Renounce Religion, Evoke Invisibility


You were on level 2 of the Orcish Mines.
You worshipped Trog.
Trog was exalted by your worship.
You were not hungry.

You visited 3 branches of the dungeon, and saw 20 of its levels.
You also visited: Sewer.

You collected 1391 gold pieces.
You spent 156 gold pieces at shops.

Inventory:

Jewellery
 j - a +5 ring of dexterity (left paw)
 l - a +5 ring of evasion (right paw)
 m - a +2 ring of protection
 q - the amulet "Tyrghof" (around neck) {Reflect +Inv rF+ Str-2 Int+4 SH+3}
   (You found it on level 8 of the Dungeon)

   [amulet of reflection]

   It shields you and reflects attacks.
   It affects your strength (-2).
   It affects your intelligence (+4).
   It protects you from fire.
   It lets you turn invisible.
   It affects your SH (+3).
 A - an uncursed ring of poison resistance
 B - an uncursed ring of flight
 H - an uncursed amulet of harm {unknown}
 M - an uncursed ring of fire
Wands
 b - a wand of random effects (36)
 s - a wand of iceblast (18)
 t - a wand of flame (6)
 y - a wand of polymorph (26)
 J - a wand of enslavement (4)
 L - a wand of acid (18)
Scrolls
 c - 11 scrolls of teleportation
 e - 10 scrolls of remove curse
 g - 3 scrolls of immolation
 o - 5 scrolls of magic mapping
 r - 3 scrolls of amnesia
 w - 5 scrolls of noise {unknown}
 x - 3 scrolls of fog {unknown}
 E - a scroll of acquirement {unknown}
Potions
 d - 6 potions of haste
 h - 5 potions of agility
 i - 3 potions of lignification
 k - 3 potions of flight
 n - a potion of brilliance {unknown}
 p - 3 potions of might
 v - 8 potions of curing
 z - 2 potions of cancellation {unknown}
 C - a potion of invisibility {unknown}
 D - 2 potions of magic
 F - a potion of mutation
 K - 2 potions of ambrosia {unknown}
Books
 u - a manual of Fighting
Comestibles
 a - 38 rations
 G - 17 chunks of flesh


   Skills:
 * Level 11.7 Fighting
 + Level 11.9 Dodging
 + Level 16.1 Stealth
 + Level 16.0 Unarmed Combat
 * Level 10.6 Evocations


You had 11 spell levels left.
You didn't know any spells.
Your spell library was empty.

Dungeon Overview and Level Annotations

Branches:
Dungeon (12/15)            Temple (0/1) D:6            Lair (6/6) D:9
  Swamp (0/4) Lair:2        Snake (0/4) Lair:3        Slime (0/5) Lair:6
    Orc (2/2) D:10            Elf (0/3) Orc:2

Altars:
Cheibriados
Dithmenos
Fedhas
Makhleb
Nemelex Xobeh
Okawaru
Ru
Xom
Yredelemnul
Beogh

Shops:
D:5 =!}[(   D:8 =

Annotations:
Lair:6 exclusion: 4 oklob plants
Orc:1 2 transporters
Orc:2 1 runed door, feelmyfire's ghost, adept GrWr


Innate Abilities, Weirdness & Mutations

You cannot wear armour.
You are incapable of wielding weapons or throwing items.
Your paws allow you to move quietly. (Stealth)
You have sharp claws.
You have razor-sharp teeth.
You have supernaturally acute eyesight. (SInv)
You are carnivorous and can eat meat at any time.
You cover ground quickly.
Your thick and shaggy fur keeps you warm. (AC +3, rC+)
You have a slow metabolism.
Your sharp claws are effective at attacking unaware monsters.
You have a pair of small antennae on your head.
Your skin changes colour to match your surroundings (Stealth+).
Your mind is acute. (Int +2)
Your spells are a little harder to cast, but a little more powerful.


Message History

The orc wizard gestures at you while chanting.
The magic dart hits you.
The sixfirhy misses you. x2; You block the sixfirhy's attack.
The sixfirhy completely misses you. The troll misses you. x2
The troll completely misses you. The orc wizard completely misses you.
The orc priest misses you. The orc priest completely misses you.
The orc completely misses you. The sixfirhy closely misses you.
The sixfirhy completely misses you. The sixfirhy barely misses you.
You block the troll's attack. The troll misses you.
The troll completely misses you.
The orc wizard hits you with a +0 dagger.
* * * LOW HITPOINT WARNING * * *
The orc high priest completely misses you.
The orc priest misses you.
The orc priest calls down the wrath of Beogh upon you.
Beogh smites you!
* * * LOW HITPOINT WARNING * * *
The orc priest mumbles some strange prayers to Beogh against you.
Beogh smites you!
You die...

........#.......
#.................##..###
##.......................
#........................
#......................#
##.......#.............#
##.......oo.....#...o..###
#.......o@4O..............
##>.....o3To..............
#....#...oo....%....[..###
##.#.##.......[<....÷..#
##....................#
##......#........$[[.#
###.##..÷....#o..#.)#
#.............[)......
##.##..............###


You could see an orc high priest, a rust devil, a troll, a sixfirhy, an ogre, 3
orc priests, an orc wizard (invisible) and 2 orcs.

Vanquished Creatures
  A fire dragon (Lair:5)
  3 catoblepae (Lair:6)
  2 hydras (Lair:6)
  Erica (Orc:1)
  3 two-headed ogres
  11 death yaks
  A tengu warrior (D:11)
  Urug (D:11)
  An orc high priest (Orc:2)
  Sonja (D:11)
  2 fire crabs
  An unseen horror (D:11)
  The ghost of Lilu the Destroyer, a novice DECj of Vehumet (D:7)
  2 manticores (Lair:6)
  An ugly thing (D:11)
  An orc sorcerer (Orc:2)
  2 cyclopes (D:11)
  7 black mambas
  3 elephants (Lair:6)
  An eye of devastation (Lair:6)
  2 torpor snails (Lair:6)
  16 rime drakes
  14 spiny frogs
  6 komodo dragons
  A kobold demonologist (D:12)
  A tengu conjurer (D:11)
  5 trolls
  3 polar bears (Lair:2)
  Prince Ribbit (Lair:2)
  A hornet (D:6)
  5 hippogriffs
  12 dream sheep
  A bog body (Lair:2)
  10 blink frogs
  A shadow (D:12)
  Sigmund (D:4)
  A wyvern (D:12)
  2 water elementals (D:12)
  A wraith (D:10)
  58 yaks
  2 basilisks
  10 steam dragons (Lair:5)
  10 wargs
  A soldier ant (D:11)
  2 nagas (Lair:3)
  An acid dragon (D:12)
  12 water moccasins
  2 porcupines (Lair:5)
  2 eyes of draining
  7 orc warriors
  4 sky beasts
  5 ice beasts
  6 black bears
  4 centaurs
  A phantom (D:5)
  8 ogres
  9 crocodiles
  4 big kobolds
  Blork the orc (D:5)
  7 bullfrogs
  5 scorpions
  18 killer bees
  5 wights (D:6)
  4 vampire bats (Lair:4)
  6 electric eels
  2 howler monkeys
  4 crimson imps
  2 bullfrog zombies
  3 centaur zombies
  2 jellies
  4 hounds
  14 orc wizards
  15 orc priests
  Crazy Yiuf (D:6)
  2 centaur skeletons
  3 iguanas
  15 worker ants
  A killer bee zombie (D:5)
  A hound zombie (D:7)
  2 hound skeletons
  2 worker ant zombies
  23 adders
  A howler monkey skeleton (D:8)
  A shadow imp (D:11)
  2 oozes
  An adder zombie (D:8)
  An adder skeleton (D:4)
  3 worms
  6 dart slugs
  11 leopard geckos
  91 orcs
  6 ball pythons
  5 giant cockroaches
  10 hobgoblins
  11 jackals
  4 quokkas
  14 bats
  4 frilled lizards
  7 goblins
  18 kobolds
  3 leopard gecko skeletons
  2 leopard gecko zombies (D:5)
  18 rats
639 creatures vanquished.

Vanquished Creatures (collateral kills)
  A hydra (D:12)
  A black mamba (Lair:6)
  A crocodile (Lair:6)
3 creatures vanquished.

Vanquished Creatures (others)
  9 fungi
  10 plants
19 creatures vanquished.

Grand Total: 661 creatures vanquished

Notes
Turn   | Place    | Note
-------+----------+-------------------------------------------
     0 | D:1      | Inarius the Felid Berserker began the quest for the Orb.
     0 | D:1      | Reached XP level 1. HP: 10/10 MP: 2/2
   286 | D:1      | Reached XP level 2. HP: 14/14 MP: 3/3
   317 | D:1      | Reached skill level 1 in Stealth
  1074 | D:1      | Reached XP level 3. HP: 14/17 MP: 4/4
  1502 | D:2      | Reached ** piety under Trog
  1574 | D:2      | Found a sacrificial altar of Ru.
  1598 | D:2      | Reached XP level 4. HP: 21/21 MP: 5/5
  1796 | D:2      | Found a shimmering altar of Xom.
  1903 | D:2      | Noticed a centaur
  1913 | D:2      | Killed a centaur
  1913 | D:2      | Reached XP level 5. HP: 25/25 MP: 6/6
  2168 | D:2      | Found a basalt altar of Yredelemnul.
  2338 | D:2      | Found a burning altar of Makhleb.
  2339 | D:2      | Found a shadowy altar of Dithmenos.
  2341 | D:2      | Found a snail-covered altar of Cheibriados.
  2535 | D:3      | Reached skill level 5 in Stealth
  2644 | D:3      | Found a glowing drain.
  2648 | Sewer    | Entered a sewer
  2659 | Sewer    | Reached skill level 5 in Dodging
  2769 | Sewer    | Reached *** piety under Trog
  2811 | Sewer    | Gained mutation: You are covered in thick fur. (AC +2)
                  | [Felid growth]
  2811 | Sewer    | Reached XP level 6. HP: 23/28 MP: 7/7
  3108 | Sewer    | Reached skill level 1 in Evocations
  3785 | D:4      | Reached **** piety under Trog
  3876 | D:4      | Reached XP level 7. HP: 29/32 MP: 9/9
  4140 | D:4      | Reached skill level 5 in Unarmed Combat
  4348 | D:4      | Noticed Sigmund
  4351 | D:4      | Killed Sigmund
  4519 | D:5      | Entered Level 5 of the Dungeon
  4523 | D:5      | Found Hedais's Gadget Shop.
  4576 | D:5      | Found Tonnelly's Jewellery Shoppe.
  4656 | D:5      | Reached XP level 8. HP: 26/36 MP: 10/10
  4951 | D:5      | Found Poxug's Armour Shoppe.
  4958 | D:5      | Found Caufer's Weapon Boutique.
  4959 | D:5      | Noticed Blork the orc
  4974 | D:5      | Killed Blork the orc
  5126 | D:5      | Found Zacias's Distillery.
  5365 | D:6      | Reached skill level 5 in Fighting
  5474 | D:6      | Found a sparkling altar of Nemelex Xobeh.
  5488 | D:6      | Noticed a hornet
  5500 | D:6      | Killed a hornet
  5703 | D:6      | Reached ***** piety under Trog
  5729 | D:6      | Noticed a hippogriff
  5771 | D:6      | Killed a hippogriff
  5825 | D:6      | Found a staircase to the Ecumenical Temple.
  5987 | D:6      | Reached skill level 10 in Stealth
  5987 | D:6      | Reached XP level 9. HP: 37/40 MP: 12/12
  7231 | D:6      | Found a runed door.
  7370 | D:6      | Noticed Crazy Yiuf
  7374 | D:6      | Killed Crazy Yiuf
  7420 | D:7      | Found a runed door.
  7420 | D:7      | Noticed Lilu's ghost (novice DECj)
  7733 | D:7      | Reached XP level 10. HP: 46/46 MP: 14/14
  7962 | D:7      | Found a blossoming altar of Fedhas.
  8223 | D:8      | Got a fine diamond amulet
  8448 | D:8      | Identified the amulet "Tyrghof" {Reflect +Inv rF+ Str-2
                  | Int+4 SH+3} (You found it on level 8 of the Dungeon)
  8520 | D:8      | Found a blossoming altar of Fedhas.
  8553 | D:8      | Found Leistyts's Jewellery Shop.
  9074 | D:8      | HP: 2/46 [orc priest/divine providence (15)]
 10384 | D:9      | Found a staircase to the Lair.
 10605 | D:9      | Reached skill level 5 in Evocations
 10726 | D:10     | Entered Level 10 of the Dungeon
 10760 | D:10     | Reached skill level 10 in Unarmed Combat
 10969 | D:5      | Bought a wand of iceblast (8) for 156 gold pieces
 11039 | D:7      | Killed Lilu's ghost
 11133 | D:10     | Reached XP level 11. HP: 50/50 MP: 15/15
 11315 | D:10     | Found a staircase to the Orcish Mines.
 11790 | D:11     | Reached ****** piety under Trog
 11928 | D:11     | Noticed a brown ugly thing
 11954 | D:11     | Noticed a tengu warrior
 11968 | D:11     | Killed a tengu warrior
 12181 | D:11     | Noticed Sonja
 12227 | D:11     | Killed Sonja
 12330 | D:11     | Noticed Urug
 12627 | D:11     | Killed a brown ugly thing
 12691 | D:11     | Noticed a two-headed ogre
 12702 | D:11     | Killed a two-headed ogre
 12828 | D:11     | Noticed an unseen horror
 12846 | D:11     | Killed an unseen horror
 13059 | D:11     | Killed Urug
 13082 | D:11     | Noticed a two-headed ogre
 13085 | D:11     | Killed a two-headed ogre
 13085 | D:11     | Gained mutation: Your thick and shaggy fur keeps you warm.
                  | (AC +3, rC+) [Felid growth]
 13085 | D:11     | Reached XP level 12. HP: 56/56 MP: 16/18
 13165 | Lair:1   | Entered Level 1 of the Lair of Beasts
 13918 | Lair:2   | Found a staircase to the Swamp.
 14215 | Lair:2   | Noticed Prince Ribbit
 14239 | Lair:2   | Killed Prince Ribbit
 14985 | Lair:2   | Gained mutation: Your skin changes colour to match your
                  | surroundings (Stealth+). [potion of mutation]
 14985 | Lair:2   | Gained mutation: Your mind is acute. (Int +2) [potion of
                  | mutation]
 14985 | Lair:2   | Gained mutation: You have a pair of small antennae on your
                  | head. [potion of mutation]
 14985 | Lair:2   | Gained mutation: Your spells are a little harder to cast,
                  | but a little more powerful. [potion of mutation]
 15617 | Lair:3   | Found a staircase to the Snake Pit.
 15652 | Lair:3   | Reached skill level 10 in Dodging
 16717 | Lair:4   | Reached XP level 13. HP: 61/61 MP: 20/20
 16940 | Lair:4   | Found an iron altar of Okawaru.
 17534 | Lair:5   | Reached skill level 15 in Stealth
 18255 | Lair:5   | Reached skill level 10 in Fighting
 18307 | Lair:5   | Noticed a fire dragon
 18329 | Lair:5   | Killed a fire dragon
 19011 | Lair:6   | Entered Level 6 of the Lair of Beasts
 20763 | Lair:6   | Reached XP level 14. HP: 66/66 MP: 22/22
 20822 | Lair:6   | Found a staircase to the Slime Pits.
 21132 | Lair:6   | Reached skill level 15 in Unarmed Combat
 21649 | Lair:6   | Reached skill level 10 in Evocations
 21990 | Lair:6   | Slain by a catoblepas
 21991 | Lair:6   | Reached XP level 13. HP: 0/63 MP: 21/21
 24057 | Orc:1    | Entered Level 1 of the Orcish Mines
 24238 | Orc:1    | Found a roughly hewn altar of Beogh.
 24238 | Orc:1    | Found a transporter.
 24293 | Orc:1    | Noticed an orc warlord
 24392 | Orc:1    | Found a transporter.
 24455 | Orc:2    | Entered Level 2 of the Orcish Mines
 24551 | Orc:2    | Found a runed door.
 24551 | Orc:2    | Noticed feelmyfire's ghost (adept GrWr)
 24921 | Orc:1    | Noticed Erica
 24937 | Orc:1    | Killed Erica
 25075 | Orc:1    | HP: 3/64 [troll (2)]
 25076 | Orc:2    | Killed from afar by an orc priest
 25077 | Orc:2    | Reached XP level 12. HP: -9/60 MP: 21/21
 25077 | Orc:2    | Found a staircase to the Elven Halls.
 25093 | Orc:2    | HP: 3/60 [orc priest/divine providence (15)]
 25093 | Orc:2    | Killed from afar by an orc priest

Vault maps used:
D:1:      minmay_arrival_wavy_path, st_stairs_11, minmay_octomino_c4
D:2:      lemuel_crystal_altar, minitemple, first_ration,
          nicolae_ru_great_annihilating_truth
D:3:      gup_sewer_entry_spiral
D:4:      uniq_sigmund
D:5:      serial_shops, shop, nicolae_shop_crystal, shop,
          nicolae_shop_behind_doors, nicolae_shop_crystal,
          minmay_quadrilaterals, uniq_blork_the_orc
D:6:      nicolae_overflow_crystal_walls, minmay_temple_entry_trees,
          serial_column_ruins, column_ruins_hut, column_ruins_open_small_water,
          column_ruins_columns_straight, column_ruins_open_small,
          uniq_crazy_yiuf_cottage
D:7:      hellmonk_ghost_happy_afterlife, grunt_ogre_cave, chequers_mini_garden,
          minmay_tree_intersection, fedhas_altar_3
D:8:      nicolae_overflow_hidden_temple, serial_shops, shop_fountains,
          grunt_ministairs_15
D:9:      lair_entry_dummy, special_room
D:10:     minmay_orc_entry_guard_dogs, amethyst_killhole,
          onia_ninara_dug_in_and_dangerous
D:11:     uniq_urug, uniq_sonja
D:12:     argonaut_augean_stables, serial_bayou, serial_bayou_pond_d,
          serial_bayou_lagoon_a, serial_bayou_pond_b, serial_bayou_crossing,
          hangedman_decor_push
Lair:1:   chequers_serial_rivers_micro_d, serial_bayou_lagoon_b
Lair:2:   beast_lair_carwin_large_2, skrybe_swamp_entry_bodies, disabler_island,
          serial_bayou_shore_a, uniq_prince_ribbit2
Lair:3:   guppyfry_snake_entry_garden, grunt_megastairs_3
Lair:4:   basic_altar, roderic_batcave, chequers_serial_rivers_large_a
Lair:5:   bobbens_dragon_lair_wall, grunt_megastairs_1
Lair:6:   evilmike_catoblepas_cave, minmay_slime_entry_eyes,
          minmay_shattered_shrine, minmay_lair_oklob_chamber,
          infiniplex_staircase_pool_2
Orc:1:    gammafunk_beogh_shrine, serial_shops, shop, uniq_erica
Orc:2:    st_orc_town, ebering_ghost_reflecting_pool
Sewer:    sewer_co_15_rooms

Skill      XL: |  1  2  3  4  5  6  7  8  9 10 11 12 13 14 |
---------------+-------------------------------------------+-----
Stealth        | 1 2 4 5 6 8 10 11 12 13 14 16 | 16.1
Unarmed Combat | 4 5 7 8 10 12 13 16 15 | 16.0
Dodging        | 5 6 7 8 9 10 11 | 11.9
Fighting       | 4 5 6 7 8 9 11 | 11.7
Evocations     | 1 2 3 4 5 6 8 9 10 | 10.6

Action                   |  1- 3 |  4- 6 |  7- 9 | 10-12 | 13-15 || total
-------------------------+-------+-------+-------+-------+-------++-------
Melee: Unarmed           |    80 |   198 |   270 |   715 |   645 ||  1908
       Bite              |    10 |    15 |    39 |    86 |    81 ||   231
       Punch             |     1 |     7 |     6 |    51 |    76 ||   141
Invok: Berserk           |     4 |     8 |    13 |    22 |    26 ||    73
       Trog's Hand       |       |       |     4 |     6 |     9 ||    19
       Brothers in Arms  |       |       |       |       |     2 ||     2
 Abil: Evoke Flight      |       |       |       |     2 |     1 ||     3
Evoke: Wand              |       |       |     1 |    25 |     8 ||    34
  Use: Scroll            |       |     2 |     4 |     7 |     9 ||    22
       Potion            |       |       |     3 |     1 |     4 ||     8
 Stab: Sleeping          |     8 |    15 |    19 |    41 |    27 ||   110
       Paralysed         |     1 |       |       |     1 |       ||     2
       Distracted        |       |       |     2 |     6 |     5 ||    13
  Eat: Chunk             |    11 |    13 |    20 |    41 |    48 ||   133
Armor: Skin              |     3 |     9 |    12 |    21 |     9 ||    54
Dodge: Dodged            |    53 |   147 |   229 |   628 |   523 ||  1580
Block: Other             |       |       |       |    65 |    51 ||   116
       Reflection        |       |       |       |       |     1 ||     1

Table legend:
 A = Non-vault XP
 B = Vault XP
 C = Vault XP percentage of total XP
 D = Non-vault monster count
 E = Vault monster count
 F = Vault count percentage of total count
                 A         B        C        D         E       F
            +---------+---------+-------+---------+---------+-------
      Total |   51227 |   41666 |  44.9 |     443 |     199 |  31.0
            +---------+---------+-------+---------+---------+-------
        D:1 |      28 |      22 |  44.0 |      16 |      10 |  38.5
        D:2 |     221 |       6 |   2.6 |      25 |       4 |  13.8
        D:3 |      98 |      28 |  22.2 |      30 |       7 |  18.9
        D:4 |     314 |     220 |  41.2 |      20 |       1 |   4.8
        D:5 |     649 |     249 |  27.7 |      19 |       4 |  17.4
        D:6 |    2311 |      39 |   1.7 |      35 |       1 |   2.8
        D:7 |    1370 |     752 |  35.4 |      30 |       2 |   6.2
        D:8 |    1591 |      46 |   2.8 |      37 |       3 |   7.5
        D:9 |    1259 |     234 |  15.7 |      23 |      20 |  46.5
       D:10 |    2159 |     500 |  18.8 |      19 |       3 |  13.6
       D:11 |    8414 |    1634 |  16.3 |      39 |       2 |   4.9
       D:12 |    3084 |    5700 |  64.9 |      25 |      17 |  40.5
     Lair:1 |     396 |       0 |   0.0 |       2 |       0 |   0.0
     Lair:2 |    3955 |    2807 |  41.5 |      14 |      15 |  51.7
     Lair:3 |    4795 |     326 |   6.4 |      21 |       2 |   8.7
     Lair:4 |    7566 |     226 |   2.9 |      30 |      10 |  25.0
     Lair:5 |    1418 |    6464 |  82.0 |       4 |      22 |  84.6
     Lair:6 |    7692 |   19727 |  71.9 |      25 |      42 |  62.7
      Orc:1 |    2843 |     923 |  24.5 |      21 |       1 |   4.5
      Orc:2 |    1064 |    1523 |  58.9 |       8 |      18 |  69.2
      Sewer |       0 |     240 | 100.0 |       0 |      15 | 100.0
            +---------+---------+-------+---------+---------+-------
